Penguins vs Capitals

Created - Wednesday, January 27, 2016 at 01:14

Goals
1 2 3 T
Penguins 1 0 0 1
Capitals 4 6 3 13
Shots
1 2 3 T
Penguins 12 15 3 30
Capitals 6 9 14 29

1st period

1. Capitals , Kyle Clifford 2 (Luke Adam) at 3:36
2. Capitals , Kyle Clifford 3 (Damon Severson) at 5:36
3. Capitals , Patrick Kane 23 (Eric Staal, Alex Tanguay) at 5:47
4. Capitals , Robyn Regehr 1 (Patrick Kane, Alex Tanguay) at 10:44
5. Penguins , Jimmy Hayes 7 (Chris Stewart, Chris Kelly) at 15:39

Penalties :
Tom Wilson (Was) for Holding Stick (Minor) at 11:11, Tom Wilson (Was) for Fighting (Major) at 14:47, Mark Fraser (Pit) for Fighting (Major) at 14:47, Curtis McKenzie (Pit) for Slashing (Double Minor) at 17:43

2nd period

6. Capitals , Patrick Kane 24 (Eric Staal) at 5:44
7. Capitals , Eric Gelinas 7 (Luke Adam) at 7:03
8. Capitals , Matt Read 10 (Erik Condra, Matt Murray) at 8:50 (PP)
9. Capitals , Patrick Kane 25 (Robyn Regehr, Alex Tanguay) at 10:11 (PP)
10. Capitals , Eric Staal 30 (Patrick Kane) at 13:46 (SH)
11. Capitals , Eric Staal 31 (Patrick Kane, Robyn Regehr) at 19:10 (SH)

Penalties :
Chris Stewart (Pit) for Holding (Minor) at 8:19, Luke Witkowski (Pit) for High sticking (Minor) at 9:29, Tom Wilson (Was) for Hooking (Minor) at 12:07, Marko Dano (Was) for Roughing (Minor) at 18:13

3rd period

12. Capitals , Matt Read 11 (Jakub Kindl) at 11:52 (PP)
13. Capitals , Marko Dano 1 (Jakub Kindl) at 18:33 (PP)
14. Capitals , Patrick Kane 26 (Alex Tanguay, Steve Bernier) at 19:40 (PP)

Penalties :
Chris Butler (Pit) for Holding (Minor) at 2:11, Tom Wilson (Was) for Fighting (Major) at 4:45, Chris Stewart (Pit) for Fighting (Major) at 4:45, Kyle Clifford (Was) for High sticking (Minor) at 5:32, Curtis McKenzie (Pit) for Roughing (Minor) at 10:49, Tom Wilson (Was) for Fighting (Major / Game Misconduct) at 13:26, Chris Stewart (Pit) for Fighting (Major) at 13:26, Alex Tanguay (Was) for High sticking (Minor) at 15:51, Curtis McKenzie (Pit) for Hooking (Minor) at 16:34, Xavier Ouellet (Pit) for Tripping (Minor) at 18:19

Goalie Stats

Keith Kinkaid (Pit), 11 saves from 16 shots - (0.688), 29:49 minutes
Alex Stalock (Pit), 5 saves from 13 shots - (0.385), L, 0-17-1, 30:11 minutes
Matt Murray (Was), 29 saves from 30 shots - (0.967), W, 1-4-0, 60:00 minutes

Players Stats for Penguins

Player Name              G  A  P  +/- PIM S  H  SB GA TA FO     MP     PP MP  PK MP  
------------------------------------------------------------------------------------
Chris Butler             0  0  0  -2  2   1  1  1  0  2  0/0    21:38   3:12   2:48 
Chris Kelly              0  1  1  -3  0   0  2  0  0  3  4/5    18:46   0:05   4:13 
Chris Stewart            0  1  1  -2  12  0  3  0  3  0  1/4    11:29   0:00   1:25 
Christian Ehrhoff        0  0  0  -1  0   0  0  0  0  0  0/0     2:17   0:00   0:00 
Cody Ceci                0  0  0  -3  0   0  1  0  2  2  0/0    10:29   0:00   0:16 
Curtis McKenzie          0  0  0  -4  8   1  1  0  2  0  8/24   19:49   4:04   3:22 
Garrett Meurs            0  0  0  -2  0   0  1  0  0  0  4/6    24:50   3:59   8:14 
Jimmy Hayes              1  0  1  -2  0   4  0  0  0  0  0/0    13:19   0:00   0:00 
Joakim Lindstrom         0  0  0  -3  0   5  0  0  6  0  0/0    17:19   4:04   1:36 
Jon Merrill              0  0  0  -3  0   0  1  0  0  0  0/0    10:13   0:00   0:00 
Linden Vey               0  0  0  -1  0   2  3  0  2  0  0/0    18:46   3:52   1:36 
Luke Witkowski           0  0  0  -1  2   2  3  1  0  3  0/0    24:30   4:44   7:12 
Marcus Foligno           0  0  0  -1  0   5  1  1  0  1  0/0    19:12   3:52   2:08 
Mark Fraser              0  0  0  -3  5   2  1  1  0  2  0/0    21:18   3:12   4:05 
Mikael Granlund          0  0  0  -1  0   0  0  0  0  0  0/0     4:08   0:00   0:00 
Nail Yakupov             0  0  0  -1  0   2  1  0  5  0  3/16   16:17   3:52   0:00 
Reilly Smith             0  0  0  -1  0   1  0  0  0  0  1/1     4:08   0:00   0:00 
Xavier Ouellet           0  0  0  -1  2   5  1  3  1  1  0/0    30:09   4:44   8:31 

Players Stats for Capitals

Player Name              G  A  P  +/- PIM S  H  SB GA TA FO     MP     PP MP  PK MP  
------------------------------------------------------------------------------------
Alex Tanguay             0  4  4   2  2   1  0  0  0  0  2/3    19:19   4:30   1:27 
Damon Severson           0  1  1   2  0   1  0  0  0  2  0/0    20:59   4:31   2:41 
Eric Gelinas             1  0  1   2  0   2  1  1  0  3  0/0    20:59   4:31   2:41 
Eric O'Dell              0  0  0   0  0   0  3  0  1  1  2/3     6:59   0:00   0:24 
Eric Staal               2  2  4   4  0   6  1  2  2  1  10/15  18:36   0:23   6:29 
Erik Condra              0  1  1   0  0   0  2  1  2  1  0/1    14:26   6:27   0:00 
Jakub Kindl              0  2  2   3  0   0  1  1  0  1  0/0    28:48   6:49   5:15 
Kyle Clifford            2  0  2   3  2   3  0  0  2  0  0/0    11:31   0:00   0:00 
Luke Adam                0  2  2   3  0   0  0  0  0  0  3/4    11:04   0:00   0:00 
Mark Cundari             0  0  0   2  0   0  0  0  0  0  0/0    10:13   0:00   0:00 
Marko Dano               1  0  1   0  2   1  1  0  0  1  9/13   16:32   5:54   0:00 
Matt Read                2  0  2   0  0   6  1  1  8  1  0/1    18:17   5:54   1:03 
Maxim Noreau             0  0  0   0  0   0  0  0  0  0  0/0     0:00   0:00   0:00 
Mike Green               0  0  0   2  0   1  0  0  1  0  0/0    10:13   0:00   0:00 
Patrick Kane             4  3  7   4  0   4  0  3  5  0  6/8    23:40   5:26   6:29 
Robyn Regehr             1  2  3   3  0   2  5  2  0  2  0/0    28:48   6:49   5:15 
Steve Bernier            0  1  1   0  0   2  4  0  1  0  3/8    21:59   5:26   0:00 
Tom Wilson               0  0  0   3  29  0  2  0  2  0  0/0     9:33   0:00   0:00 

3 Stars

1 - Patrick Kane (Was)
2 - Eric Staal (Was)
3 - Robyn Regehr (Was)

Power Play

Penguins - 0 on 5 Attempt(s) - 0.00%
Capitals - 5 on 8 Attempt(s) - 62.50%

Penalty Kill

Penguins - 3 on 8 Attempt(s) - 37.50% - Score 0 goal in Penalty Kill
Capitals - 5 on 5 Attempt(s) - 100.00% - Score 2 goal in Penalty Kill

Team Stat

Penguins - Hits : 20 - Faceoff Wins : 21 - Blocked Shots : 7 - Penalty Minutes : 31
Capitals - Hits : 21 - Faceoff Wins : 35 - Blocked Shots : 11 - Penalty Minutes : 35

Official

Referees : Unknown
Linesman : Unknown

Game Notes

Tom Wilson beats up Mark Fraser at 14:47 of 1st period
Patrick Kane has scored a Hat Trick!
Keith Kinkaid enters game at 10:11 of 2nd period
Tom Wilson and Chris Stewart fight to a draw at 4:45 of 3rd period
Chris Stewart beats up Tom Wilson at 13:26 of 3rd period
Tom Wilson ejected from game at 13:26 of 3rd period

Finance

Level 1 -- Attendance: 4477 (74.62%) -- Ticket Income $402,930
Level 2 -- Attendance: 4235 (84.70%) -- Ticket Income $232,925
Level 3 -- Attendance: 2000 (100.00%) -- Ticket Income $60,000
Level 4 -- Attendance: 3539 (88.48%) -- Ticket Income $60,163
Luxury Box -- Attendance: 862 (86.20%) -- Ticket Income $148,264
Game was played at the Verizon Center.
Total Attendance: 15113 (83.96%)
Total Ticket Income: $904,282
Other Income: $443,098
Total Income: $1,347,380

Penguins

5 vs 5 Forward 
   Center                   Left Wing                Right Wing               Time % Phy DF OF 
 1 Curtis McKenzie          Garrett Meurs            Joakim Lindstrom         40     5   0  0  
 2 Nail Yakupov             Marcus Foligno           Linden Vey               35     5   0  0  
 3 Chris Stewart            Jimmy Hayes              Chris Kelly              20     5   0  0  
 4 Garrett Meurs            Mikael Granlund          Reilly Smith             5      5   0  0  

5 vs 5 Defense 
   Defense                  Defense                                           Time % Phy DF OF 
 1 Xavier Ouellet           Luke Witkowski                                    40     5   0  0  
 2 Chris Butler             Mark Fraser                                       40     5   0  0  
 3 Jon Merrill              Cody Ceci                                         15     5   0  0  
 4 Xavier Ouellet           Christian Ehrhoff                                 5      5   0  0  

PowerPlay Forward 
   Center                   Left Wing                Right Wing               Time % Phy DF OF 
 1 Curtis McKenzie          Garrett Meurs            Joakim Lindstrom         60     5   0  0  
 2 Nail Yakupov             Marcus Foligno           Linden Vey               40     5   0  0  

PowerPlay Defense
   Defense                  Defense                                           Time % Phy DF OF 
 1 Xavier Ouellet           Luke Witkowski                                    60     5   0  0  
 2 Chris Butler             Mark Fraser                                       40     5   0  0  

Penalty Kill 4 Players Forward 
   Center                   Wing                     Time % Phy DF OF 
 1 Curtis McKenzie          Garrett Meurs            60     5   0  0  
 2 Joakim Lindstrom         Linden Vey               40     5   0  0  

Penalty Kill 4 Players Defense
   Defense                  Defense                  Time % Phy DF OF 
 1 Xavier Ouellet           Luke Witkowski           60     5   0  0  
 2 Chris Butler             Mark Fraser              40     5   0  0  

Penalty Kill - 3 Players Forward 
   Forward                                           Time % Phy DF OF 
 1 Garrett Meurs                                     60     5   0  0  
 2 Curtis McKenzie                                   40     5   0  0  

Penalty Kill - 3 Players Defense
   Defense                  Defense                  Time % Phy DF OF 
 1 Xavier Ouellet           Luke Witkowski           60     5   0  0  
 2 Chris Butler             Mark Fraser              40     5   0  0  

4 vs 4 Forward 
   Center                   Wing                     Time % Phy DF OF 
 1 Curtis McKenzie          Garrett Meurs            60     5   0  0  
 2 Joakim Lindstrom         Linden Vey               40     5   0  0  

4 vs 4 Defense
   Defense                  Defense                  Time % Phy DF OF 
 1 Xavier Ouellet           Luke Witkowski           60     5   0  0  
 2 Chris Butler             Mark Fraser              40     5   0  0  

Last Minutes Offensive
   Center                   Left Wing                Right Wing               Defense                  Defense                  
   Curtis McKenzie          Garrett Meurs            Joakim Lindstrom         Xavier Ouellet           Luke Witkowski           

Last Minutes Defensive
   Center                   Left Wing                Right Wing               Defense                  Defense                  
   Curtis McKenzie          Garrett Meurs            Joakim Lindstrom         Xavier Ouellet           Luke Witkowski           

Goaltenders
Starting : Alex Stalock             
Backup : Keith Kinkaid            

Extra Forwards
Normal : Garrett Meurs, Curtis McKenzie, Joakim Lindstrom - PP : Garrett Meurs, Curtis McKenzie - PK : Garrett Meurs
Extra Defensemen
Normal : Xavier Ouellet, Luke Witkowski, Chris Butler - PP : Xavier Ouellet - PK : Xavier Ouellet, Luke Witkowski
Penalty Shots
Chris Kelly, Garrett Meurs, Curtis McKenzie, Joakim Lindstrom, Linden Vey

Capitals

5 vs 5 Forward 
   Center                   Left Wing                Right Wing               Time % Phy DF OF 
 1 Eric Staal               Alex Tanguay             Patrick Kane             35     1   2  2  
 2 Marko Dano               Matt Read                Steve Bernier            30     1   2  2  
 3 Eric O'Dell              Erik Condra              Steve Bernier            22     1   2  2  
 4 Luke Adam                Kyle Clifford            Tom Wilson               13     1   2  2  

5 vs 5 Defense 
   Defense                  Defense                                           Time % Phy DF OF 
 1 Robyn Regehr             Jakub Kindl                                       35     1   2  2  
 2 Eric Gelinas             Damon Severson                                    30     1   2  2  
 3 Mike Green               Mark Cundari                                      22     1   2  2  
 4 Robyn Regehr             Jakub Kindl                                       13     1   2  2  

PowerPlay Forward 
   Center                   Left Wing                Right Wing               Time % Phy DF OF 
 1 Steve Bernier            Alex Tanguay             Patrick Kane             60     1   2  2  
 2 Marko Dano               Matt Read                Erik Condra              40     1   2  2  

PowerPlay Defense
   Defense                  Defense                                           Time % Phy DF OF 
 1 Robyn Regehr             Jakub Kindl                                       60     1   2  2  
 2 Eric Gelinas             Damon Severson                                    40     1   2  2  

Penalty Kill 4 Players Forward 
   Center                   Wing                     Time % Phy DF OF 
 1 Patrick Kane             Eric Staal               60     1   2  2  
 2 Alex Tanguay             Matt Read                40     1   2  2  

Penalty Kill 4 Players Defense
   Defense                  Defense                  Time % Phy DF OF 
 1 Robyn Regehr             Jakub Kindl              60     1   2  2  
 2 Eric Gelinas             Damon Severson           40     1   2  2  

Penalty Kill - 3 Players Forward 
   Forward                                           Time % Phy DF OF 
 1 Patrick Kane                                      60     1   2  2  
 2 Alex Tanguay                                      40     1   2  2  

Penalty Kill - 3 Players Defense
   Defense                  Defense                  Time % Phy DF OF 
 1 Robyn Regehr             Jakub Kindl              60     1   2  2  
 2 Eric Gelinas             Damon Severson           40     1   2  2  

4 vs 4 Forward 
   Center                   Wing                     Time % Phy DF OF 
 1 Patrick Kane             Steve Bernier            60     1   2  2  
 2 Alex Tanguay             Matt Read                40     1   2  2  

4 vs 4 Defense
   Defense                  Defense                  Time % Phy DF OF 
 1 Robyn Regehr             Jakub Kindl              60     1   2  2  
 2 Eric Gelinas             Damon Severson           40     1   2  2  

Last Minutes Offensive
   Center                   Left Wing                Right Wing               Defense                  Defense                  
   Eric Staal               Alex Tanguay             Patrick Kane             Robyn Regehr             Jakub Kindl              

Last Minutes Defensive
   Center                   Left Wing                Right Wing               Defense                  Defense                  
   Eric Staal               Alex Tanguay             Patrick Kane             Robyn Regehr             Jakub Kindl              

Goaltenders
Starting : Matt Murray              
Backup : Sami Aittokallio         

Extra Forwards
Normal : Steve Bernier, Erik Condra, Tom Wilson - PP : Steve Bernier, Erik Condra - PK : Tom Wilson
Extra Defensemen
Normal : Robyn Regehr, Mark Cundari, Eric Gelinas - PP : Jakub Kindl - PK : Mark Cundari, Eric Gelinas
Penalty Shots
Patrick Kane, Tom Wilson, Alex Tanguay, Matt Read, Eric Staal

% Time on Ice - Penguins

Lines # - Real PCT - Wanted PCT - Time Play
Normal Forward
1 - 25% - 40% - 9:59
2 - 33% - 35% - 13:18
3 - 33% - 20% - 13:19
4 - 10% - 5% - 4:08
Normal Defense
1 - 31% - 40% - 12:35
2 - 38% - 40% - 15:39
3 - 25% - 15% - 10:13
4 - 6% - 5% - 2:17
PP Forward
1 - 51% - 60% - 4:04
2 - 49% - 40% - 3:52
PP Defense
1 - 60% - 60% - 4:44
2 - 40% - 40% - 3:12
PK Forward
1 - 86% - 60% - 9:30
2 - 14% - 40% - 1:36
PK Defense
1 - 67% - 60% - 7:28
2 - 33% - 40% - 3:38
PK3 Forward
1 - 100% - 60% - 0:14
2 - 0% - 40% - 0:00
PK3 Defense
1 - 0% - 60% - 0:00
2 - 100% - 40% - 0:14
44 Forward
1 - 0% - 60%
2 - 0% - 40%
44 Defense
1 - 0% - 60%
2 - 0% - 40%
Last Minute Offensive  - 0:00
Last Minute Defensive  - 0:00
Total
Forward - 60:00
Defense - 60:00

% Time on Ice - Capitals

Lines # - Real PCT - Wanted PCT - Time Play
Normal Forward
1 - 30% - 35% - 12:20
2 - 28% - 30% - 11:20
3 - 15% - 22% - 6:00
4 - 27% - 13% - 11:04
Normal Defense
1 - 35% - 35% - 14:11
2 - 34% - 30% - 13:47
3 - 25% - 22% - 10:13
4 - 6% - 13% - 2:33
PP Forward
1 - 48% - 60% - 5:26
2 - 52% - 40% - 5:54
PP Defense
1 - 60% - 60% - 6:49
2 - 40% - 40% - 4:31
PK Forward
1 - 87% - 60% - 6:53
2 - 13% - 40% - 1:03
PK Defense
1 - 66% - 60% - 5:15
2 - 34% - 40% - 2:41
PK3 Forward
1 - 0% - 60%
2 - 0% - 40%
PK3 Defense
1 - 0% - 60%
2 - 0% - 40%
44 Forward
1 - 0% - 60%
2 - 0% - 40%
44 Defense
1 - 0% - 60%
2 - 0% - 40%
Last Minute Offensive  - 0:00
Last Minute Defensive  - 0:00
Total
Forward - 60:00
Defense - 60:00

Play by Play

1st period


0:01 of 1st period - Eric Staal wins face-off versus Curtis McKenzie in neutral zone.
0:23 of 1st period - Slapshot by Xavier Ouellet.
0:23 of 1st period - Stopped by Matt Murray with a rebound.
0:27 of 1st period - Snap shot by Curtis McKenzie.
0:27 of 1st period - Shot Blocked by Jakub Kindl.
1:03 of 1st period - Matt Read is hit by Nail Yakupov and loses puck.
1:25 of 1st period - Steve Bernier is hit by Linden Vey and loses puck.
2:08 of 1st period - Icing by Damon Severson.
2:09 of 1st period - Garrett Meurs wins face-off versus Luke Adam in Capitals zone.
2:31 of 1st period - Slapshot by Chris Butler.
2:31 of 1st period - Deflect By Mikael Granlund.
2:31 of 1st period - Shot Blocked by Erik Condra.
2:31 of 1st period - Puck is out of play.
2:32 of 1st period - Curtis McKenzie wins face-off versus Eric O'Dell in Capitals zone.
2:46 of 1st period - Wrist shot by Eric O'Dell.
2:46 of 1st period - Shot Misses the Net.
2:48 of 1st period - Snap shot by Eric O'Dell.
2:48 of 1st period - Shot Blocked by Mark Fraser.
3:22 of 1st period - Wrist shot by Jimmy Hayes.
3:22 of 1st period - Stopped by Matt Murray without a rebound.
3:23 of 1st period - Chris Stewart wins face-off versus Eric Staal in Capitals zone.
3:24 of 1st period - Wrist shot by Jimmy Hayes.
3:24 of 1st period - Shot Misses the Net.
3:26 of 1st period - Wrist shot by Jimmy Hayes.
3:26 of 1st period - Stopped by Matt Murray without a rebound.
3:27 of 1st period - Luke Adam wins face-off versus Chris Stewart in Capitals zone.
3:36 of 1st period - Slapshot by Kyle Clifford.
3:36 of 1st period - Goal by Kyle Clifford - Penguins : 0 - Capitals : 1.
3:37 of 1st period - Eric Staal wins face-off versus Nail Yakupov in neutral zone.
4:14 of 1st period - Wrist shot by Eric Staal.
4:14 of 1st period - Stopped by Alex Stalock with a rebound.
4:30 of 1st period - Joakim Lindstrom is hit by Robyn Regehr and loses puck.
4:59 of 1st period - Marko Dano is hit by Xavier Ouellet and loses puck.
5:36 of 1st period - Slapshot by Kyle Clifford.
5:36 of 1st period - Goal by Kyle Clifford - Penguins : 0 - Capitals : 2.
5:37 of 1st period - Eric Staal wins face-off versus Nail Yakupov in neutral zone.
5:39 of 1st period - Off-side.
5:40 of 1st period - Alex Tanguay wins face-off versus Nail Yakupov in neutral zone.
5:47 of 1st period - Slapshot by Patrick Kane.
5:47 of 1st period - Goal by Patrick Kane - Penguins : 0 - Capitals : 3.
5:48 of 1st period - Eric Staal wins face-off versus Curtis McKenzie in neutral zone.
6:46 of 1st period - Nail Yakupov is hit by Eric O'Dell and loses puck.
7:09 of 1st period - Mark Fraser is hit by Erik Condra and loses puck.
8:32 of 1st period - Wrist shot by Chris Stewart.
8:32 of 1st period - Shot Misses the Net.
8:54 of 1st period - Eric Staal is hit by Cody Ceci.
9:16 of 1st period - Wrist shot by Eric Staal.
9:16 of 1st period - Shot Misses the Net.
9:56 of 1st period - Snap shot by Joakim Lindstrom.
9:56 of 1st period - Shot Misses the Net.
10:20 of 1st period - Luke Witkowski is hit by Eric O'Dell and loses puck.
10:44 of 1st period - Slapshot by Robyn Regehr.
10:44 of 1st period - Goal by Robyn Regehr - Penguins : 0 - Capitals : 4.
10:45 of 1st period - Luke Adam wins face-off versus Nail Yakupov in neutral zone.
10:52 of 1st period - Mark Fraser is hit by Tom Wilson and loses puck.
11:01 of 1st period - Snap shot by Marcus Foligno.
11:01 of 1st period - Stopped by Matt Murray with a rebound.
11:11 of 1st period - Minor Penalty to Tom Wilson for Holding Stick.
11:12 of 1st period - Curtis McKenzie wins face-off versus Eric Staal in Capitals zone.
12:07 of 1st period - Snap shot by Marcus Foligno.
12:07 of 1st period - Stopped by Matt Murray with a rebound.
12:09 of 1st period - Slapshot by Mark Fraser.
12:09 of 1st period - Deflect By Patrick Kane.
12:09 of 1st period - Stopped by Matt Murray with a rebound.
12:54 of 1st period - Matt Read is hit by Chris Butler and loses puck.
13:11 of 1st period - Penalty to Tom Wilson is over, Tom Wilson is back on ice.
13:24 of 1st period - Snap shot by Joakim Lindstrom.
13:24 of 1st period - Stopped by Matt Murray with a rebound.
14:10 of 1st period - Matt Read is hit by Chris Stewart and loses puck.
14:14 of 1st period - Icing by Matt Read.
14:15 of 1st period - Reilly Smith wins face-off versus Steve Bernier in Capitals zone.
14:32 of 1st period - Slapshot by Mikael Granlund.
14:32 of 1st period - Shot Misses the Net.
14:34 of 1st period - Slapshot by Chris Butler.
14:34 of 1st period - Deflect By Reilly Smith.
14:34 of 1st period - Stopped by Matt Murray with a rebound.
14:47 of 1st period - Tom Wilson beats up Mark Fraser.
14:47 of 1st period - Penalty to Tom Wilson for Fighting.
14:47 of 1st period - Penalty to Mark Fraser for Fighting.
14:48 of 1st period - Luke Adam wins face-off versus Nail Yakupov in neutral zone.
15:05 of 1st period - Snap shot by Linden Vey.
15:05 of 1st period - Stopped by Matt Murray with a rebound.
15:07 of 1st period - Slapshot by Xavier Ouellet.
15:07 of 1st period - Stopped by Matt Murray with a rebound.
15:09 of 1st period - Snap shot by Marcus Foligno.
15:09 of 1st period - Stopped by Matt Murray without a rebound.
15:10 of 1st period - Eric Staal wins face-off versus Chris Stewart in Capitals zone.
15:37 of 1st period - Slapshot by Chris Stewart.
15:37 of 1st period - Shot Misses the Net.
15:39 of 1st period - Backhand shot by Jimmy Hayes.
15:39 of 1st period - Goal by Jimmy Hayes - Penguins : 1 - Capitals : 4.
15:40 of 1st period - Eric O'Dell wins face-off versus Nail Yakupov in neutral zone.
16:46 of 1st period - Snap shot by Eric Staal.
16:46 of 1st period - Stopped by Alex Stalock without a rebound.
16:47 of 1st period - Eric Staal wins face-off versus Chris Stewart in Penguins zone.
17:00 of 1st period - Wrist shot by Jimmy Hayes.
17:00 of 1st period - Shot Misses the Net.
17:43 of 1st period - Double Minor Penalty to Curtis McKenzie for Slashing.
17:44 of 1st period - Chris Kelly wins face-off versus Marko Dano in Penguins zone.
19:07 of 1st period - Matt Read is hit by Luke Witkowski.
19:29 of 1st period - Alex Tanguay is hit by Chris Stewart and loses puck.
19:47 of 1st period - Penalty to Mark Fraser is over, Mark Fraser is back on ice.
Goals for this period are 1 for Penguins vs 4 for Capitals.
Shots for this period are 12 for Penguins vs 6 for Capitals.

2nd period


0:01 of 2nd period - Chris Kelly wins face-off versus Steve Bernier in neutral zone.
0:08 of 2nd period - Slapshot by Xavier Ouellet.
0:08 of 2nd period - Stopped by Matt Murray with a rebound.
0:50 of 2nd period - Chris Kelly is hit by Robyn Regehr and loses puck.
1:07 of 2nd period - Wrist shot by Matt Read.
1:07 of 2nd period - Shot Blocked by Xavier Ouellet.
1:09 of 2nd period - Snap shot by Erik Condra.
1:09 of 2nd period - Shot Misses the Net.
1:11 of 2nd period - Wrist shot by Erik Condra.
1:11 of 2nd period - Shot Misses the Net.
1:43 of 2nd period - Penalty to Curtis McKenzie is over, Curtis McKenzie is back on ice.
2:17 of 2nd period - Robyn Regehr is hit by Mark Fraser and loses puck.
3:01 of 2nd period - Snap shot by Chris Stewart.
3:01 of 2nd period - Shot Misses the Net.
4:14 of 2nd period - Kyle Clifford is hit by Linden Vey and loses puck.
5:32 of 2nd period - Snap shot by Matt Read.
5:32 of 2nd period - Stopped by Alex Stalock with a rebound.
5:44 of 2nd period - Slapshot by Patrick Kane.
5:44 of 2nd period - Goal by Patrick Kane - Penguins : 1 - Capitals : 5.
5:45 of 2nd period - Curtis McKenzie wins face-off versus Matt Read in neutral zone.
5:54 of 2nd period - Slapshot by Jon Merrill.
5:54 of 2nd period - Deflect By Joakim Lindstrom.
5:54 of 2nd period - Shot Blocked by Matt Read.
5:54 of 2nd period - Puck is out of play.
5:55 of 2nd period - Marko Dano wins face-off versus Curtis McKenzie in Capitals zone.
6:20 of 2nd period - Snap shot by Linden Vey.
6:20 of 2nd period - Stopped by Matt Murray with a rebound.
6:32 of 2nd period - Marcus Foligno is hit by Marko Dano and loses puck.
6:47 of 2nd period - Luke Adam is hit by Chris Kelly and loses puck.
6:56 of 2nd period - Luke Adam is hit by Jon Merrill and loses puck.
7:03 of 2nd period - Slapshot by Eric Gelinas.
7:03 of 2nd period - Goal by Eric Gelinas - Penguins : 1 - Capitals : 6.
7:04 of 2nd period - Patrick Kane wins face-off versus Curtis McKenzie in neutral zone.
7:08 of 2nd period - Icing by Luke Witkowski.
7:09 of 2nd period - Eric Staal wins face-off versus Curtis McKenzie in Penguins zone.
7:22 of 2nd period - Snap shot by Eric Staal.
7:22 of 2nd period - Stopped by Alex Stalock with a rebound.
8:19 of 2nd period - Minor Penalty to Chris Stewart for Holding.
8:20 of 2nd period - Marko Dano wins face-off versus Curtis McKenzie in Penguins zone.
8:50 of 2nd period - Backhand shot by Matt Read.
8:50 of 2nd period - Goal by Matt Read - Penguins : 1 - Capitals : 7.
8:51 of 2nd period - Eric Staal wins face-off versus Nail Yakupov in neutral zone.
9:29 of 2nd period - Minor Penalty to Luke Witkowski for High sticking.
9:30 of 2nd period - Marko Dano wins face-off versus Curtis McKenzie in Penguins zone.
9:50 of 2nd period - Snap shot by Matt Read.
9:50 of 2nd period - Shot Hit the Post.
9:55 of 2nd period - Snap shot by Eric Gelinas.
9:55 of 2nd period - Stopped by Alex Stalock without a rebound.
9:56 of 2nd period - Curtis McKenzie wins face-off versus Steve Bernier in Penguins zone.
10:11 of 2nd period - Wrist shot by Patrick Kane.
10:11 of 2nd period - Goal by Patrick Kane - Penguins : 1 - Capitals : 8.
10:11 of 2nd period - Keith Kinkaid enters game.
10:12 of 2nd period - Marko Dano wins face-off versus Nail Yakupov in neutral zone.
10:19 of 2nd period - Matt Read is hit by Marcus Foligno and loses puck.
10:30 of 2nd period - Slapshot by Marcus Foligno.
10:30 of 2nd period - Stopped by Matt Murray without a rebound.
10:31 of 2nd period - Nail Yakupov wins face-off versus Marko Dano in Capitals zone.
11:19 of 2nd period - Wrist shot by Joakim Lindstrom.
11:19 of 2nd period - Stopped by Matt Murray with a rebound.
11:21 of 2nd period - Slapshot by Mark Fraser.
11:21 of 2nd period - Shot Blocked by Patrick Kane.
11:23 of 2nd period - Snap shot by Mark Fraser.
11:23 of 2nd period - Stopped by Matt Murray without a rebound.
11:24 of 2nd period - Chris Kelly wins face-off versus Eric Staal in Capitals zone.
11:33 of 2nd period - Slapshot by Jimmy Hayes.
11:33 of 2nd period - Shot Misses the Net.
12:07 of 2nd period - Minor Penalty to Tom Wilson for Hooking.
12:08 of 2nd period - Patrick Kane wins face-off versus Garrett Meurs in Capitals zone.
12:21 of 2nd period - Snap shot by Curtis McKenzie.
12:21 of 2nd period - Shot Blocked by Robyn Regehr.
12:23 of 2nd period - Slapshot by Xavier Ouellet.
12:23 of 2nd period - Shot Blocked by Patrick Kane.
12:29 of 2nd period - Wrist shot by Xavier Ouellet.
12:29 of 2nd period - Shot Blocked by Patrick Kane.
12:31 of 2nd period - Slapshot by Xavier Ouellet.
12:31 of 2nd period - Shot Misses the Net.
12:33 of 2nd period - Wrist shot by Luke Witkowski.
12:33 of 2nd period - Shot Misses the Net.
12:35 of 2nd period - Snap shot by Curtis McKenzie.
12:35 of 2nd period - Stopped by Matt Murray with a rebound.
12:37 of 2nd period - Slapshot by Xavier Ouellet.
12:37 of 2nd period - Shot Hit the Post.
12:39 of 2nd period - Snap shot by Luke Witkowski.
12:39 of 2nd period - Stopped by Matt Murray with a rebound.
12:41 of 2nd period - Backhand shot by Joakim Lindstrom.
12:41 of 2nd period - Stopped by Matt Murray with a rebound.
12:43 of 2nd period - Slapshot by Luke Witkowski.
12:43 of 2nd period - Deflect By Patrick Kane.
12:43 of 2nd period - Stopped by Matt Murray with a rebound.
12:45 of 2nd period - Snap shot by Joakim Lindstrom.
12:45 of 2nd period - Shot Misses the Net.
13:17 of 2nd period - Alex Tanguay is hit by Luke Witkowski and loses puck.
13:46 of 2nd period - Snap shot by Eric Staal.
13:46 of 2nd period - Goal by Eric Staal - Penguins : 1 - Capitals : 9.
13:47 of 2nd period - Nail Yakupov wins face-off versus Patrick Kane in neutral zone.
14:01 of 2nd period - Wrist shot by Linden Vey.
14:01 of 2nd period - Deflect By Nail Yakupov.
14:01 of 2nd period - Stopped by Matt Murray without a rebound.
14:02 of 2nd period - Patrick Kane wins face-off versus Nail Yakupov in Capitals zone.
14:07 of 2nd period - Penalty to Tom Wilson is over, Tom Wilson is back on ice.
14:16 of 2nd period - Slapshot by Mark Fraser.
14:16 of 2nd period - Deflect By Nail Yakupov.
14:16 of 2nd period - Stopped by Matt Murray with a rebound.
14:18 of 2nd period - Slapshot by Chris Butler.
14:18 of 2nd period - Shot Blocked by Robyn Regehr.
14:34 of 2nd period - Mark Fraser is hit by Robyn Regehr and loses puck.
14:51 of 2nd period - Snap shot by Jimmy Hayes.
14:51 of 2nd period - Stopped by Matt Murray without a rebound.
14:52 of 2nd period - Eric O'Dell wins face-off versus Curtis McKenzie in Capitals zone.
14:59 of 2nd period - Xavier Ouellet is hit by Eric O'Dell and loses puck.
15:58 of 2nd period - Marcus Foligno is hit by Tom Wilson and loses puck.
16:37 of 2nd period - Alex Tanguay is hit by Chris Kelly and loses puck.
18:13 of 2nd period - Minor Penalty to Marko Dano for Roughing.
18:14 of 2nd period - Patrick Kane wins face-off versus Nail Yakupov in Capitals zone.
19:10 of 2nd period - Snap shot by Eric Staal.
19:10 of 2nd period - Goal by Eric Staal - Penguins : 1 - Capitals : 10.
19:11 of 2nd period - Patrick Kane wins face-off versus Nail Yakupov in neutral zone.
19:36 of 2nd period - Backhand shot by Nail Yakupov.
19:36 of 2nd period - Shot Blocked by Eric Gelinas.
19:38 of 2nd period - Snap shot by Marcus Foligno.
19:38 of 2nd period - Stopped by Matt Murray without a rebound.
19:39 of 2nd period - Curtis McKenzie wins face-off versus Alex Tanguay in Capitals zone.
19:46 of 2nd period - Snap shot by Joakim Lindstrom.
19:46 of 2nd period - Stopped by Matt Murray with a rebound.
19:48 of 2nd period - Snap shot by Xavier Ouellet.
19:48 of 2nd period - Stopped by Matt Murray without a rebound.
19:49 of 2nd period - Alex Tanguay wins face-off versus Curtis McKenzie in Capitals zone.
Goals for this period are 0 for Penguins vs 6 for Capitals.
Shots for this period are 15 for Penguins vs 9 for Capitals.

3rd period


0:01 of 3rd period - Patrick Kane wins face-off versus Curtis McKenzie in neutral zone.
0:13 of 3rd period - Penalty to Marko Dano is over, Marko Dano is back on ice.
1:49 of 3rd period - Mike Green is hit by Chris Stewart and loses puck.
2:11 of 3rd period - Minor Penalty to Chris Butler for Holding.
2:12 of 3rd period - Steve Bernier wins face-off versus Curtis McKenzie in Penguins zone.
2:14 of 3rd period - Slapshot by Steve Bernier.
2:14 of 3rd period - Stopped by Keith Kinkaid with a rebound.
2:16 of 3rd period - Snap shot by Alex Tanguay.
2:16 of 3rd period - Stopped by Keith Kinkaid without a rebound.
2:17 of 3rd period - Steve Bernier wins face-off versus Curtis McKenzie in Penguins zone.
2:28 of 3rd period - Xavier Ouellet is hit by Steve Bernier.
2:55 of 3rd period - Xavier Ouellet is hit by Robyn Regehr and loses puck.
3:02 of 3rd period - Slapshot by Jakub Kindl.
3:02 of 3rd period - Shot Blocked by Xavier Ouellet.
3:04 of 3rd period - Slapshot by Jakub Kindl.
3:04 of 3rd period - Shot Misses the Net.
3:06 of 3rd period - Snap shot by Matt Read.
3:06 of 3rd period - Deflect By Xavier Ouellet.
3:06 of 3rd period - Shot Blocked by Xavier Ouellet.
3:06 of 3rd period - Puck is out of play.
3:07 of 3rd period - Marko Dano wins face-off versus Curtis McKenzie in Penguins zone.
3:26 of 3rd period - Backhand shot by Erik Condra.
3:26 of 3rd period - Shot Misses the Net.
4:11 of 3rd period - Penalty to Chris Butler is over, Chris Butler is back on ice.
4:45 of 3rd period - Tom Wilson and Chris Stewart fight to a draw.
4:45 of 3rd period - Penalty to Tom Wilson for Fighting.
4:45 of 3rd period - Penalty to Chris Stewart for Fighting.
4:46 of 3rd period - Garrett Meurs wins face-off versus Eric Staal in neutral zone.
4:57 of 3rd period - Cody Ceci is hit by Eric Staal and loses puck.
5:08 of 3rd period - Snap shot by Eric Staal.
5:08 of 3rd period - Stopped by Keith Kinkaid without a rebound.
5:09 of 3rd period - Nail Yakupov wins face-off versus Steve Bernier in Penguins zone.
5:09 of 3rd period - Nail Yakupov is hit by Steve Bernier.
5:32 of 3rd period - Minor Penalty to Kyle Clifford for High sticking.
5:33 of 3rd period - Curtis McKenzie wins face-off versus Patrick Kane in Capitals zone.
6:21 of 3rd period - Patrick Kane is hit by Linden Vey and loses puck.
6:52 of 3rd period - Slapshot by Chris Butler.
6:52 of 3rd period - Shot Misses the Net.
6:54 of 3rd period - Slapshot by Chris Butler.
6:54 of 3rd period - Shot Blocked by Eric Staal.
6:56 of 3rd period - Snap shot by Mark Fraser.
6:56 of 3rd period - Shot Blocked by Eric Staal.
7:30 of 3rd period - Snap shot by Joakim Lindstrom.
7:30 of 3rd period - Stopped by Matt Murray with a rebound.
7:32 of 3rd period - Penalty to Kyle Clifford is over, Kyle Clifford is back on ice.
7:32 of 3rd period - Backhand shot by Xavier Ouellet.
7:32 of 3rd period - Stopped by Matt Murray with a rebound.
7:34 of 3rd period - Snap shot by Garrett Meurs.
7:34 of 3rd period - Shot Misses the Net.
8:18 of 3rd period - Snap shot by Erik Condra.
8:18 of 3rd period - Shot Misses the Net.
8:20 of 3rd period - Slapshot by Erik Condra.
8:20 of 3rd period - Shot Misses the Net.
8:26 of 3rd period - Snap shot by Mike Green.
8:26 of 3rd period - Stopped by Keith Kinkaid with a rebound.
10:49 of 3rd period - Minor Penalty to Curtis McKenzie for Roughing.
10:50 of 3rd period - Steve Bernier wins face-off versus Chris Kelly in Penguins zone.
11:00 of 3rd period - Off-side.
11:01 of 3rd period - Garrett Meurs wins face-off versus Steve Bernier in neutral zone.
11:47 of 3rd period - Chris Stewart is hit by Matt Read and loses puck.
11:52 of 3rd period - Slapshot by Jakub Kindl.
11:52 of 3rd period - Deflect By Matt Read.
11:52 of 3rd period - Goal by Matt Read - Penguins : 1 - Capitals : 11.
11:53 of 3rd period - Eric Staal wins face-off versus Garrett Meurs in neutral zone.
11:56 of 3rd period - Mark Fraser is hit by Robyn Regehr.
12:23 of 3rd period - Slapshot by Robyn Regehr.
12:23 of 3rd period - Deflect By Chris Butler.
12:23 of 3rd period - Stopped by Keith Kinkaid with a rebound.
13:26 of 3rd period - Chris Stewart beats up Tom Wilson.
13:26 of 3rd period - Penalty to Tom Wilson for Fighting.
13:26 of 3rd period - Tom Wilson is ejected from game.
13:26 of 3rd period - Penalty to Chris Stewart for Fighting.
13:27 of 3rd period - Curtis McKenzie wins face-off versus Eric Staal in Penguins zone.
13:40 of 3rd period - Wrist shot by Patrick Kane.
13:40 of 3rd period - Shot Misses the Net.
13:53 of 3rd period - Slapshot by Patrick Kane.
13:53 of 3rd period - Deflect By Luke Witkowski.
13:53 of 3rd period - Shot Blocked by Luke Witkowski.
13:53 of 3rd period - Puck is out of play.
13:54 of 3rd period - Marko Dano wins face-off versus Nail Yakupov in Penguins zone.
14:45 of 3rd period - Kyle Clifford is hit by Curtis McKenzie and loses puck.
14:54 of 3rd period - Snap shot by Kyle Clifford.
14:54 of 3rd period - Deflect By Chris Butler.
14:54 of 3rd period - Stopped by Keith Kinkaid with a rebound.
15:39 of 3rd period - Marcus Foligno is hit by Jakub Kindl.
15:51 of 3rd period - Minor Penalty to Alex Tanguay for High sticking.
15:52 of 3rd period - Marko Dano wins face-off versus Curtis McKenzie in Capitals zone.
16:05 of 3rd period - Wrist shot by Steve Bernier.
16:05 of 3rd period - Shot Misses the Net.
16:07 of 3rd period - Wrist shot by Matt Read.
16:07 of 3rd period - Stopped by Keith Kinkaid with a rebound.
16:09 of 3rd period - Wrist shot by Matt Read.
16:09 of 3rd period - Stopped by Keith Kinkaid with a rebound.
16:11 of 3rd period - Snap shot by Steve Bernier.
16:11 of 3rd period - Stopped by Keith Kinkaid without a rebound.
16:12 of 3rd period - Marko Dano wins face-off versus Curtis McKenzie in Penguins zone.
16:34 of 3rd period - Minor Penalty to Curtis McKenzie for Hooking.
16:35 of 3rd period - Chris Kelly wins face-off versus Erik Condra in Penguins zone.
16:35 of 3rd period - Chris Kelly is hit by Steve Bernier.
16:46 of 3rd period - Chris Kelly is hit by Steve Bernier.
17:21 of 3rd period - Jakub Kindl is hit by Luke Witkowski and loses puck.
17:38 of 3rd period - Eric Gelinas is hit by Garrett Meurs and loses puck.
17:45 of 3rd period - Slapshot by Damon Severson.
17:45 of 3rd period - Stopped by Keith Kinkaid with a rebound.
17:47 of 3rd period - Snap shot by Eric Staal.
17:47 of 3rd period - Shot Blocked by Marcus Foligno.
18:19 of 3rd period - Minor Penalty to Xavier Ouellet for Tripping.
18:20 of 3rd period - Garrett Meurs wins face-off versus Marko Dano in Penguins zone.
18:26 of 3rd period - Penalty to Chris Stewart is over, Chris Stewart is back on ice.
18:33 of 3rd period - Snap shot by Marko Dano.
18:33 of 3rd period - Goal by Marko Dano - Penguins : 1 - Capitals : 12.
18:34 of 3rd period - Curtis McKenzie wins face-off versus Marko Dano in neutral zone.
18:37 of 3rd period - Slapshot by Chris Butler.
18:37 of 3rd period - Stopped by Matt Murray with a rebound.
18:49 of 3rd period - Snap shot by Matt Read.
18:49 of 3rd period - Stopped by Keith Kinkaid without a rebound.
18:50 of 3rd period - Marko Dano wins face-off versus Curtis McKenzie in Penguins zone.
19:17 of 3rd period - Joakim Lindstrom is hit by Erik Condra and loses puck.
19:36 of 3rd period - Wrist shot by Patrick Kane.
19:36 of 3rd period - Shot Blocked by Chris Butler.
19:38 of 3rd period - Snap shot by Alex Tanguay.
19:38 of 3rd period - Shot Misses the Net.
19:40 of 3rd period - Wrist shot by Patrick Kane.
19:40 of 3rd period - Goal by Patrick Kane - Penguins : 1 - Capitals : 13.
19:41 of 3rd period - Eric Staal wins face-off versus Nail Yakupov in neutral zone.
19:44 of 3rd period - Xavier Ouellet is hit by Eric Gelinas and loses puck.
Goals for this period are 0 for Penguins vs 3 for Capitals.
Shots for this period are 3 for Penguins vs 14 for Capitals.